| TOP OF THE 1ST |
|
Detroit Tigers batting - Pitching for Montreal Expos : RHP Jose Robles
|
|
Pitching: RHP Jose Robles
|
|
|
Batting: LHB Bill Ford
|
0-0: Called Strike 0-1: Ball 1-1: Ball 2-1: Foul Ball, location: 2F 2-2: DOUBLE (Line Drive, 89D, EV 111.2 MPH)
|
|
Batting: RHB Victor Quinones
|
0-0: Ball 1-0: Fly out, F9 (Flyball, 8RM, EV 77.5 MPH) Runner from 2nd tags up, SAFE at 3rd with throw by RF
|
|
Batting: LHB Conrad Taylor
|
0-0: Ball 1-0: Ground out U3 (Groundball, 34S, EV 86.2 MPH) Bill Ford scores
|
|
Batting: RHB Chris Wheatley
|
0-0: Ball 1-0: Ball 2-0: Ball 3-0: Base on Balls
|
|
Batting: SHB Adam Weber
|
0-0: Swinging Strike 0-1: Ball 1-1: Ground out 4-3 (Groundball, 4S, EV 65.6 MPH)
|
| Top of the 1st over - 1 run, 1 hit, 0 errors, 1 left on base; Detroit 1 - Montreal 0 |
| BOTTOM OF THE 1ST |
|
Montreal Expos batting - Pitching for Detroit Tigers : LHP Bobby Jones
|
|
Pitching: LHP Bobby Jones
|
|
|
Batting: RHB John Ham
|
0-0: SINGLE (Groundball, 4MD, EV 86.9 MPH) (infield hit)
|
|
Batting: RHB Steve French
|
0-0: Ball 1-0: Called Strike 1-1: Ground out 4-3 (Groundball, 34, EV 105.6 MPH) John Ham to second
|
|
Batting: SHB Joey Pacheco
|
0-0: Foul Ball, location: 2F 0-1: Ball 1-1: Foul Ball, location: 2F 1-2: SINGLE (Line Drive, 56D, EV 98.8 MPH) John Ham to third Runner from 3rd tries for Home, SAFE, throw by LF to home
|
|
Batting: RHB Jonathan Fraire
|
0-0: Called Strike 0-1: Called Strike 0-2: Ball 1-2: Ball 2-2: Strikes out swinging
|
|
Batting: RHB Tommy Mize
|
0-0: Ball 1-0: Called Strike 1-1: Ground out 1-3 (Groundball, 13, EV 68.8 MPH)
|
| Bottom of the 1st over - 1 run, 2 hits, 0 errors, 1 left on base; Detroit 1 - Montreal 1 |
| TOP OF THE 2ND |
|
Detroit Tigers batting - Pitching for Montreal Expos : RHP Jose Robles
|
|
Batting: LHB Frank McConnell
|
0-0: Called Strike 0-1: Swinging Strike 0-2: Ball 1-2: Ground out 2-3 (Groundball, 13S, EV 63.8 MPH)
|
|
Batting: RHB Andres Leon
|
0-0: Called Strike 0-1: Fly out, F5 (Popup, 5F, EV 77.5 MPH)
|
|
Batting: RHB Sam Saunders
|
0-0: Foul Ball, location: 2F 0-1: Foul Ball, location: 2F 0-2: Ground out 6-3 (Groundball, 6S, EV 85.0 MPH)
|
| Top of the 2nd over - 0 runs, 0 hits, 0 errors, 0 left on base; Detroit 1 - Montreal 1 |
| BOTTOM OF THE 2ND |
|
Montreal Expos batting - Pitching for Detroit Tigers : LHP Bobby Jones
|
|
Batting: LHB Austin Ohmer
|
0-0: Ball 1-0: Ball 2-0: Ball 3-0: Called Strike 3-1: Called Strike 3-2: Base on Balls
|
|
Batting: RHB Eugênio Asceno
|
0-0: Ball 1-0: Swinging Strike 1-1: Swinging Strike 1-2: Ball 2-2: Foul Ball, location: 2F 2-2: Strikes out swinging
|
|
Batting: RHB Tommie Eaton
|
0-0: Foul Ball, location: 2F 0-1: Ball 1-1: Grounds into double play, 5-4-3 (Groundball, 56S, EV 93.1 MPH)
|
| Bottom of the 2nd over - 0 runs, 0 hits, 0 errors, 0 left on base; Detroit 1 - Montreal 1 |
| TOP OF THE 3RD |
|
Detroit Tigers batting - Pitching for Montreal Expos : RHP Jose Robles
|
|
Batting: RHB Dan Becvar
|
0-0: Ball 1-0: Called Strike 1-1: Swinging Strike 1-2: Foul Ball, location: 2F 1-2: Ball 2-2: SINGLE (Groundball, 56D, EV 108.8 MPH)
|
|
Batting: LHB Bill Ford
|
0-0: Ball 1-0: Fly out, F9 (Flyball, 89M, EV 96.2 MPH)
|
|
Batting: RHB Victor Quinones
|
0-0: Ball 1-0: Ground out 4-3 (Groundball, 34, EV 105.0 MPH) Dan Becvar to second
|
|
Batting: LHB Conrad Taylor
|
0-0: Ball 1-0: Ball 2-0: Called Strike 2-1: Foul Ball, location: 2F 2-2: SINGLE (Groundball, 4D, EV 106.2 MPH) Dan Becvar to third Runner from 3rd tries for Home, SAFE, throw by CF to home
|
|
Batting: RHB Chris Wheatley
|
0-0: Called Strike 0-1: Swinging Strike 0-2: Ball 1-2: Strikes out swinging
|
| Top of the 3rd over - 1 run, 2 hits, 0 errors, 1 left on base; Detroit 2 - Montreal 1 |
| BOTTOM OF THE 3RD |
|
Montreal Expos batting - Pitching for Detroit Tigers : LHP Bobby Jones
|
|
Batting: RHB Alex Diaz
|
0-0: Ball 1-0: Ball 2-0: Ball 3-0: Called Strike 3-1: Foul Ball, location: 2F 3-2: Ground out 4-3 (Groundball, 4MS, EV 78.1 MPH)
|
|
Batting: RHB John Ham
|
0-0: Ball 1-0: DOUBLE (Flyball, 78D, EV 103.1 MPH)
|
|
Batting: RHB Steve French
|
0-0: Called Strike 0-1: Foul Ball, location: 2F 0-2: Ball 1-2: Ball 2-2: Foul Ball, location: 2F 2-2: Fly out, F8 (Flyball, 8LD, EV 95.0 MPH)
|
|
Batting: SHB Joey Pacheco
|
0-0: Foul Ball, location: 2F 0-1: Swinging Strike 0-2: Foul Ball, location: 2F 0-2: Ground out 6-3 (Groundball, 6, EV 110.0 MPH)
|
| Bottom of the 3rd over - 0 runs, 1 hit, 0 errors, 1 left on base; Detroit 2 - Montreal 1 |
| TOP OF THE 4TH |
|
Detroit Tigers batting - Pitching for Montreal Expos : RHP Jose Robles
|
|
Batting: SHB Adam Weber
|
0-0: Ball 1-0: Swinging Strike 1-1: SINGLE (Line Drive, 89M, EV 111.2 MPH)
|
|
Batting: LHB Frank McConnell
|
0-0: Ball 1-0: Foul Ball, location: 2F 1-1: Swinging Strike 1-2: Strikes out swinging
|
|
Batting: RHB Andres Leon
|
0-0: Ball 1-0: Fly out, F9 (Line Drive, 89M, EV 90.0 MPH)
|
|
Batting: RHB Sam Saunders
|
0-0: SINGLE (Groundball, 6, EV 103.8 MPH) Adam Weber to second
|
|
Batting: RHB Dan Becvar
|
0-0: Swinging Strike 0-1: Foul Ball, location: 2F 0-2: Ball 1-2: Foul Ball, location: 2F 1-2: Strikes out swinging
|
| Top of the 4th over - 0 runs, 2 hits, 0 errors, 2 left on base; Detroit 2 - Montreal 1 |
| BOTTOM OF THE 4TH |
|
Montreal Expos batting - Pitching for Detroit Tigers : LHP Bobby Jones
|
|
Batting: RHB Jonathan Fraire
|
0-0: Ball 1-0: Ball 2-0: Called Strike 2-1: Foul Ball, location: 2F 2-2: Strikes out looking
|
|
Batting: RHB Tommy Mize
|
0-0: Ball 1-0: Swinging Strike 1-1: SINGLE (Line Drive, 7LS, EV 106.2 MPH)
|
|
Batting: LHB Austin Ohmer
|
0-0: Ball 1-0: Ball 2-0: Ball 3-0: Base on Balls Tommy Mize to second
|
|
Batting: RHB Eugênio Asceno
|
0-0: Called Strike 0-1: Ball 1-1: Called Strike 1-2: Ball 2-2: Fly out, F8 (Flyball, 8RD, EV 99.4 MPH)
|
|
Batting: RHB Tommie Eaton
|
0-0: Called Strike 0-1: Ball 1-1: Foul Ball, location: 2F 1-2: Ball 2-2: Foul Ball, location: 2F 2-2: Fielders Choice at 2nd, 6-4 (Groundball, 6, EV 83.8 MPH)
|
| Bottom of the 4th over - 0 runs, 1 hit, 0 errors, 2 left on base; Detroit 2 - Montreal 1 |
| TOP OF THE 5TH |
|
Detroit Tigers batting - Pitching for Montreal Expos : RHP Jose Robles
|
|
Batting: LHB Bill Ford
|
0-0: Called Strike 0-1: Ball 1-1: Foul Ball, location: 2F 1-2: Fly out, F9 (Line Drive, 9, EV 91.2 MPH)
|
|
Batting: RHB Victor Quinones
|
0-0: Ball 1-0: Swinging Strike 1-1: Ball 2-1: Foul Ball, location: 2F 2-2: SOLO HOME RUN (Flyball, 9D, EV 104.4 MPH), Distance : 410 ft
|
|
Batting: LHB Conrad Taylor
|
0-0: Swinging Strike 0-1: Ball 1-1: Swinging Strike 1-2: Foul Ball, location: 2F 1-2: Strikes out looking
|
|
Batting: RHB Chris Wheatley
|
0-0: Ball 1-0: Called Strike 1-1: Ball 2-1: Foul Ball, location: 2F 2-2: Strikes out swinging
|
| Top of the 5th over - 1 run, 1 hit, 0 errors, 0 left on base; Detroit 3 - Montreal 1 |
| BOTTOM OF THE 5TH |
|
Montreal Expos batting - Pitching for Detroit Tigers : LHP Bobby Jones
|
|
Batting: RHB Alex Diaz
|
0-0: Ball 1-0: Ball 2-0: SINGLE (Line Drive, 78S, EV 98.1 MPH)
|
|
Batting: RHB John Ham
|
0-0: Ball Wild Pitch! Alex Diaz to second 1-0: Called Strike 1-1: Ball 2-1: Ball 3-1: Base on Balls
|
|
Batting: RHB Steve French
|
0-0: Ball 1-0: Sac Bunt to 15S - play at first, batter OUT! 1-3 Alex Diaz to third John Ham to second
|
|
Batting: SHB Joey Pacheco
|
0-0: Called Strike 0-1: Ball 1-1: Foul Ball, location: 2F 1-2: Ball 2-2: SINGLE (Line Drive, 56D, EV 94.4 MPH) Alex Diaz scores John Ham to third
|
|
Batting: RHB Jonathan Fraire
|
0-0: Ball 1-0: Fly out, F9 (Flyball, 9, EV 80.6 MPH) Runner from 3rd tags up, SCORES, no throw by RF
|
|
Batting: RHB Tommy Mize
|
0-0: Ball 1-0: Ball 2-0: SINGLE (Flyball, 78S, EV 93.8 MPH) Joey Pacheco to second
|
|
Batting: LHB Austin Ohmer
|
0-0: Called Strike 0-1: Ball 1-1: SINGLE (Groundball, 25, EV 66.9 MPH) (infield hit) Joey Pacheco to third Tommy Mize to second
|
|
Batting: RHB Eugênio Asceno
|
0-0: Ball 1-0: Ground out 5-3 (Groundball, 56S, EV 56.2 MPH)
|
| Bottom of the 5th over - 2 runs, 4 hits, 0 errors, 3 left on base; Detroit 3 - Montreal 3 |
| TOP OF THE 6TH |
|
Detroit Tigers batting - Pitching for Montreal Expos : RHP Jose Robles
|
|
Batting: SHB Adam Weber
|
0-0: Ball 1-0: Ball 2-0: Ground out 6-3 (Groundball, 6D, EV 77.5 MPH)
|
|
Batting: LHB Frank McConnell
|
0-0: SOLO HOME RUN (Flyball, 9D, EV 100.6 MPH), Distance : 387 ft
|
|
Batting: RHB Andres Leon
|
0-0: Foul Ball, location: 2F 0-1: Ball 1-1: Ball 2-1: Ground out 1-3 (Groundball, 13S, EV 67.5 MPH)
|
|
Batting: RHB Sam Saunders
|
0-0: Hit by Pitch
|
|
Batting: RHB Dan Becvar
|
0-0: Called Strike 0-1: Ball 1-1: Foul Ball, location: 2F 1-2: Strikes out looking
|
| Top of the 6th over - 1 run, 1 hit, 0 errors, 1 left on base; Detroit 4 - Montreal 3 |
| BOTTOM OF THE 6TH |
|
Montreal Expos batting - Pitching for Detroit Tigers : LHP Bobby Jones
|
|
Batting: RHB Tommie Eaton
|
0-0: Swinging Strike 0-1: Foul Ball, location: 2F 0-2: Ball 1-2: Ball 2-2: Ball 3-2: Base on Balls
|
|
Pitching: RHP Gilberto Dominguez
|
|
|
Batting: RHB Alex Diaz
|
0-0: Ground out 5-3 (Groundball, 5, EV 88.8 MPH) Tommie Eaton to second
|
|
Batting: RHB John Ham
|
0-0: Fly out, F8 (Flyball, 8RXD, EV 99.4 MPH) Runner from 2nd tags up, SAFE at 3rd, no throw by CF
|
|
Batting: RHB Steve French
|
0-0: Foul Ball, location: 2F 0-1: Foul Ball, location: 2F 0-2: Strikes out looking
|
| Bottom of the 6th over - 0 runs, 0 hits, 0 errors, 1 left on base; Detroit 4 - Montreal 3 |
| TOP OF THE 7TH |
|
Detroit Tigers batting - Pitching for Montreal Expos : RHP Jose Robles
|
|
Batting: LHB Bill Ford
|
0-0: Called Strike 0-1: Ball 1-1: Swinging Strike 1-2: Foul Ball, location: 2F 1-2: Foul Ball, location: 2F 1-2: Ball 2-2: Foul Ball, location: 2F 2-2: Foul Ball, location: 2F 2-2: Ball 3-2: Base on Balls
|
|
Pitching: RHP Zack Rust
|
|
|
Batting: RHB Victor Quinones
|
0-0: Ball 1-0: Foul Ball, location: 2F 1-1: Ball 2-1: Called Strike 2-2: Foul Ball, location: 2F 2-2: Ball 3-2: Fly out, F8 (Flyball, 78XD, EV 87.5 MPH)
|
|
Batting: LHB Conrad Taylor
|
0-0: Ball 1-0: Swinging Strike 1-1: Called Strike Bill Ford is caught stealing 2nd base 2-6 1-2: Ball 2-2: Strikes out swinging
|
| Top of the 7th over - 0 runs, 0 hits, 0 errors, 0 left on base; Detroit 4 - Montreal 3 |
| BOTTOM OF THE 7TH |
|
Montreal Expos batting - Pitching for Detroit Tigers : RHP Gilberto Dominguez
|
|
Batting: SHB Joey Pacheco
|
0-0: Called Strike 0-1: Ground out 4-3 (Groundball, 4, EV 92.5 MPH)
|
|
Batting: RHB Jonathan Fraire
|
0-0: Called Strike 0-1: Foul Ball, location: 2F 0-2: Hit by Pitch
|
|
Batting: RHB Tommy Mize
|
|
|
Pinch Hitting: LHB Mark Marvin
|
0-0: Ball 1-0: Called Strike 1-1: Ball 2-1: Ball 3-1: Foul Ball, location: 2F 3-2: Foul Ball, location: 2F 3-2: Base on Balls Jonathan Fraire to second
|
|
Batting: LHB Austin Ohmer
|
0-0: Called Strike 0-1: Ball 1-1: Ball 2-1: Ball 3-1: Base on Balls Jonathan Fraire to third Mark Marvin to second
|
|
Batting: RHB Eugênio Asceno
|
0-0: Grounds into double play, 6-2-3 (Groundball, 6, EV 85.6 MPH)
|
| Bottom of the 7th over - 0 runs, 0 hits, 0 errors, 2 left on base; Detroit 4 - Montreal 3 |
| TOP OF THE 8TH |
|
Detroit Tigers batting - Pitching for Montreal Expos : RHP Zack Rust
|
|
Now at 3B: Mark Marvin
|
|
|
Batting: RHB Chris Wheatley
|
0-0: Ground out 6-3 (Groundball, 6, EV 86.2 MPH)
|
|
Batting: SHB Adam Weber
|
0-0: Fly out, F7 (Flyball, 7, EV 94.4 MPH)
|
|
Batting: LHB Frank McConnell
|
0-0: Ball 1-0: Called Strike 1-1: SINGLE (Line Drive, 34D, EV 97.5 MPH)
|
|
Batting: RHB Andres Leon
|
0-0: Ball 1-0: Ball 2-0: Ball 3-0: Called Strike 3-1: Base on Balls Frank McConnell to second
|
|
Batting: RHB Sam Saunders
|
0-0: Ball 1-0: Ball 2-0: Swinging Strike 2-1: Ball 3-1: Foul Ball, location: 2F 3-2: Foul Ball, location: 2F 3-2: Foul Ball, location: 2F 3-2: Base on Balls Frank McConnell to third Andres Leon to second
|
|
Batting: RHB Dan Becvar
|
0-0: Ball 1-0: Swinging Strike 1-1: Ball 2-1: Foul Ball, location: 2F 2-2: Foul Ball, location: 2F 2-2: Foul Ball, location: 2F 2-2: Foul Ball, location: 2F 2-2: Foul Ball, location: 2F 2-2: Ball 3-2: Foul Ball, location: 2F 3-2: Foul Ball, location: 2F 3-2: Strikes out swinging
|
| Top of the 8th over - 0 runs, 1 hit, 0 errors, 3 left on base; Detroit 4 - Montreal 3 |
| BOTTOM OF THE 8TH |
|
Montreal Expos batting - Pitching for Detroit Tigers : RHP Gilberto Dominguez
|
|
Pitching: RHP Caleb Franklin
|
|
|
Batting: LHB Steve Anderson
|
0-0: Ball 1-0: Ball 2-0: Ball 3-0: Base on Balls
|
|
Batting: RHB Alex Diaz
|
0-0: Called Strike 0-1: Sac Bunt to 2R - play at first, batter OUT! 2-3 Steve Anderson to second
|
|
Pinch Hitting: LHB Bill McGregor
|
0-0: Called Strike 0-1: Swinging Strike 0-2: Strikes out looking
|
|
Batting: RHB Steve French
|
0-0: Ground out 6-3 (Groundball, 6, EV 92.5 MPH)
|
| Bottom of the 8th over - 0 runs, 0 hits, 0 errors, 1 left on base; Detroit 4 - Montreal 3 |
| TOP OF THE 9TH |
|
Detroit Tigers batting - Pitching for Montreal Expos : RHP Zack Rust
|
|
Pitching: RHP Joel Montenegro
|
|
|
Now in LF: Bill McGregor
|
|
|
Batting: LHB Bill Ford
|
0-0: Ball 1-0: Called Strike 1-1: Foul Ball, location: 2F 1-2: Strikes out swinging
|
|
Batting: RHB Victor Quinones
|
0-0: Hit by Pitch
|
|
Batting: LHB Conrad Taylor
|
0-0: Ball 1-0: Ball 2-0: Called Strike 2-1: Ball 3-1: Foul Ball, location: 2F 3-2: Grounds into double play, 4-6-3 (Groundball, 4, EV 86.9 MPH)
|
| Top of the 9th over - 0 runs, 0 hits, 0 errors, 0 left on base; Detroit 4 - Montreal 3 |
| BOTTOM OF THE 9TH |
|
Montreal Expos batting - Pitching for Detroit Tigers : RHP Caleb Franklin
|
|
Pitching: RHP Bobby Wright
|
|
|
Batting: SHB Joey Pacheco
|
0-0: Ball 1-0: Swinging Strike 1-1: Swinging Strike 1-2: Ball 2-2: SINGLE (Line Drive, 34, EV 100.6 MPH)
|
|
Batting: RHB Jonathan Fraire
|
0-0: Ball 1-0: Grounds into double play, 1-6-3 (Groundball, 13S, EV 66.9 MPH)
|
|
Batting: LHB Mark Marvin
|
0-0: Ball 1-0: Called Strike 1-1: Called Strike 1-2: SINGLE (Line Drive, 78S, EV 101.9 MPH)
|
|
Batting: LHB Austin Ohmer
|
0-0: Ball 1-0: Swinging Strike 1-1: Fly out, F9 (Line Drive, 9, EV 89.4 MPH)
|
| Bottom of the 9th over - 0 runs, 2 hits, 0 errors, 1 left on base; Detroit 4 - Montreal 3 |
|